 Dungeon Crawl Stone Soup version 0.28-a0-1387-g3a22ab9bdc (webtiles) character file.

Game seed: 16786339461431527946

34293 browni3141 the Cleaver (level 13, -4/174 HPs)
             Began as a Palentonga Berserker on Jan 3, 2022.
             Was the Champion of Trog.
             Succumbed to an orc warrior's poison
             ... on level 2 of the Orcish Mines.
             The game lasted 00:33:01 (15394 turns).

browni3141 the Cleaver (Palentonga Berserker)      Turns: 15394, Time: 00:33:02

Health: -4/174     AC: 17    Str: 20    XL:     13   Next: 41%
Magic:  13/13      EV: 13    Int:  8    God:    Trog [******]
Gold:   1331       SH:  0    Dex: 15    Spells: 12/12 levels left

rFire   . . .      SeeInvis +   a - +2 executioner's axe (vorpal)
rCold   . . .      Faith    +   (shield currently unavailable)
rNeg    + . .      Spirit   .   M - +1 robe of Vines {NoPotionHeal Regen++++}
rPois   .          Reflect  .   (no helmet)
rElec   .          Harm     .   w - +2 cloak
rCorr   .          Rampage  .   r - +2 pair of gloves
Will    .....                   F - +2 barding
Stlth   ..........              g - amulet of faith
HPRegen 3.59/turn               (no ring)
MPRegen 0.13/turn               O - ring of positive energy

@: berserking (expiring), lethally poisoned (-4 -> -24), very quick
A: large, rugged brown scales 3, see invisible, deformed body, roll 1, armoured
tail, reflexive curl
a: Rolling Charge, Renounce Religion, Berserk, Trog's Hand, Brothers in Arms


You were on level 2 of the Orcish Mines.
You worshipped Trog.
Trog was exalted by your worship.
You visited 2 branches of the dungeon, and saw 16 of its levels.
You also visited: Volcano.

You collected 1409 gold pieces.
You spent 78 gold pieces at shops.

Inventory:

Hand Weapons
 a - a +2 vorpal executioner's axe (weapon)
 P - a +2 battleaxe of flaming
Missiles
 j - 68 poisoned darts
 m - 10 curare-tipped darts
 J - 6 silver javelins
Armour
 b - a +0 animal skin
 q - an orb of guile
 r - a +2 pair of gloves (worn)
 w - a +2 cloak (worn)
 x - a +0 scale mail
 D - a +2 leather armour of fire resistance
 F - a +2 barding (worn)
 M - the +1 robe of Vines (worn) {NoPotionHeal Regen++++}
   (You found it on level 9 of the Dungeon)

   Its wearer cannot be healed by potions.
   Regen:     It increases your rate of health regeneration.
Jewellery
 f - a +4 ring of protection
 g - an amulet of faith (around neck)
 p - a ring of ice
 y - a ring of see invisible
 A - a +6 ring of intelligence
 L - an amulet of reflection
 O - a ring of positive energy (right hand)
 T - a +6 ring of intelligence
 V - a ring of flight
Wands
 X - a wand of polymorph (1)
 Z - a wand of flame (8)
Scrolls
 d - 6 scrolls of teleportation
 h - a scroll of enchant weapon
 i - 2 scrolls of blinking
 n - a scroll of magic mapping
 o - 2 scrolls of amnesia
 t - 2 scrolls of fog
 v - a scroll of vulnerability
 C - a scroll of fear
 H - 3 scrolls of identify
 N - a scroll of torment
 Q - 3 scrolls of noise
Potions
 c - 3 potions of might
 e - 2 potions of curing
 k - 2 potions of resistance {unknown}
 l - 4 potions of flight {unknown}
 s - 2 potions of brilliance {unknown}
 u - a potion of ambrosia {unknown}
 z - 2 potions of haste
 B - 2 potions of mutation {unknown}
 E - 6 potions of heal wounds {unknown}
 K - a potion of magic {unknown}
 S - a potion of cancellation {unknown}
 U - a potion of invisibility {unknown}
 W - a potion of berserk rage {unknown}
 Y - a potion of attraction {unknown}


   Skills:
 + Level 12.5 Fighting
 + Level 14.0 Axes
 - Level 1.5 Armour
 * Level 11.5 Dodging
 - Level 5.0 Evocations


You had 12 spell levels left.
You didn't know any spells.
Your spell library contained the following spells:

 Spells                   Type           Power      Damage    Failure   Level
 Magic Dart               Conj           0%         1d3       41%         1
 Searing Ray              Conj           0%         2d4       54%         2
 Fulminant Prism          Conj/Hex       0%         3d6       99%         4


Dungeon Overview and Level Annotations

Branches:
Dungeon (14/15)            Temple (0/1) D:6            Lair (0/6) D:10
    Orc (2/2) D:12            Elf (0/3) Orc:2       Volcano (visited)
 Vaults: D:13-14

Altars:
Fedhas
Gozag
Okawaru
Vehumet
Xom
Zin
Beogh

Shops:
D:2 !*[*   D:6 (   D:8 (   D:10 (   Orc:1 *

Annotations:
D:6 3 runed translucent doors, ragingrage's ghost, novice DgWn
D:14 exclusion: boulder beetle, Agnes


Innate Abilities, Weirdness & Mutations

You are completely covered in rugged brown scales. (AC +3, +7% HP)
You have supernaturally acute eyesight. (SInv)
Armour fits poorly on your strangely shaped body.
You can roll at nearby foes to attack.
You have a long armoured tail.
You curl defensively after being hit. (AC +7*)


Message History

You slash the orc warrior!
You kill the orc warrior!
Trog accepts your kill.
You feel sick.
The orc knight hits you but does no damage.
The orc warrior misses you.
You slash the orc knight!
The orc knight is severely wounded.
You feel sick.
The orc knight hits you with a +3 vorpal battleaxe!!
An ogre comes into view. It is wielding a +0 giant spiked club.
Unknown command.
You hit the orc knight but do no damage.
The orc knight is severely wounded.
You feel sick. The orc warrior barely misses you.
The orc knight hits you with a +3 vorpal battleaxe!
Unknown command.
You hit the orc knight but do no damage.
The orc knight is severely wounded.
You feel sick. The orc warrior barely misses you.
The orc knight hits you with a +3 vorpal battleaxe!!
* * * LOW HITPOINT WARNING * * *
x2 Unknown command.
You slash the orc knight!
The orc knight is almost dead.
You feel sick.
The orc warrior hits you from afar with a +2 glaive of venom!
* * * LOW HITPOINT WARNING * * *
You are more poisoned.
Unknown command.
You slice the orc knight!!
You kill the orc knight!
Trog accepts your kill.
You feel very sick.
The orc warrior hits you from afar with a +2 glaive of venom!!
* * * LOW HITPOINT WARNING * * *
You are lethally poisoned!
You barely miss the ogre. You tail-slap the ogre!
The ogre is heavily wounded.
You die...

..............#
.............#
..####...####..
#$...........# .##
#≈....# #...#........# ##
##...### #......#.....#
##....≈# ###
#.....##...### ##.....##
##§########... ##...
##≈§..### #≈≈≈#≈#.####.
#..# #≈≈≈...##
#≈≈≈.))...##
##≈≈....#####...@Oo...#
####.....§§...#≈##...####
####..§§...#####....§###
#..§§≈≈## #....§§§#
#####≈## #≈)o§§§§# ###
##o.o≈§## §...### #..o#
.....


You could see an orc warrior (strong) and an ogre.

Vanquished Creatures
  A red draconian (Volcano)
  2 vault guards (D:14)
  A hydra (D:11)
  3 centaur warriors
  2 boulder beetles (D:13)
  2 two-headed ogres
  2 orc high priests
  A deep elf pyromancer (D:11)
  3 orc knights (Orc:2)
  2 orc sorcerers
  3 cyclopes
  3 manticores
  Maurice (D:8)
  5 gargoyles
  A molten gargoyle (Volcano)
  An unseen horror (D:13)
  A kobold demonologist (D:12)
  9 trolls
  A polar bear (shapeshifter) (D:13)
  A wind drake (Orc:1)
  4 slime creatures
  A meliai zombie (D:11)
  3 shadows (D:12)
  2 vampires (D:10)
  2 wyverns
  2 wraiths
  2 fire bats (Volcano)
  A yak (shapeshifter) (D:14)
  2 basilisks
  17 yaks
  4 vampire mosquitoes
  Grum (D:11)
  4 acid dragons
  2 wargs
  2 two-headed ogre zombies (D:12)
  4 water moccasins
  5 black bears
  20 orc warriors
  3 ice beasts
  A boggart (Orc:1)
  A tengu (D:5)
  5 ogres
  A necrophage (D:6)
  21 centaurs
  2 wolves (D:11)
  2 phantoms
  A kobold brigand (D:9)
  7 bullfrogs
  3 gnoll sergeants
  A water moccasin zombie (D:6)
  A wyvern skeleton (D:7)
  2 scorpions
  2 water moccasin skeletons
  10 killer bees
  2 wights
  2 howler monkeys
  An electric eel (D:10)
  5 centaur zombies
  5 lava snakes (Volcano)
  3 jellies
  A centaur skeleton (D:7)
  A gnoll shaman (D:7)
  2 hounds
  12 orc priests
  Jessica (D:2)
  3 bullfrog skeletons
  Ijyb (D:3)
  4 iguanas
  20 orc wizards
  A statue (D:9)
  A killer bee zombie (D:3)
  6 ogre zombies (D:12)
  A hound skeleton (D:5)
  2 howler monkey zombies
  23 gnolls
  10 adders
  A shadow imp (D:6)
  2 white imps (D:6)
  An ufetubus (D:6)
  A worm (D:2)
  4 dart slugs
  65 orcs
  6 endoplasms
  2 giant cockroaches (D:4)
  11 goblins
  5 hobgoblins
  10 jackals (D:3)
  3 kobolds
  4 ball pythons
  4 bats
  A frilled lizard (D:1)
  A goblin skeleton (D:12)
  2 goblin zombies (D:12)
  3 hobgoblin zombies (D:12)
  4 orc skeletons (D:12)
  13 orc zombies (D:12)
  5 rats
441 creatures vanquished.

Vanquished Creatures (others)
  A two-headed ogre (D:10)
  A troll (D:10)
  A yak (D:10)
  2 hobgoblin zombies (D:12)
  39 fungi (D:10)
  41 plants (D:10)
85 creatures vanquished.

Grand Total: 526 creatures vanquished

Notes
Turn   | Place    | Note
-------+----------+-------------------------------------------
     0 | D:1      | browni3141 the Palentonga Berserker began the quest for the
                  | Orb.
     0 | D:1      | Reached XP level 1. HP: 19/19 MP: 1/1
    88 | D:1      | Reached XP level 2. HP: 25/25 MP: 2/2
   514 | D:2      | Reached skill level 4 in Axes
   523 | D:2      | Reached XP level 3. HP: 31/31 MP: 3/3
   656 | D:2      | Found Fegupp's General Store.
   993 | D:2      | Found a glowing silver altar of Zin.
  1064 | D:2      | Found Aneobam's Armour Emporium.
  1070 | D:2      | Found Ydof's General Store.
  1193 | D:2      | Found Elozarch's Distillery.
  1198 | D:2      | Bought a potion of curing for 39 gold pieces
  1216 | D:2      | Found a faded altar of an unknown god.
  1374 | D:2      | Noticed Jessica
  1377 | D:2      | Killed Jessica
  1377 | D:2      | Reached ** piety under Trog
  1378 | D:2      | Reached skill level 5 in Axes
  1378 | D:2      | Reached XP level 4. HP: 37/37 MP: 4/4
  2251 | D:3      | Noticed Ijyb
  2260 | D:3      | Killed Ijyb
  2261 | D:3      | Reached XP level 5. HP: 26/43 MP: 5/5
  2654 | D:3      | Reached skill level 6 in Axes
  3111 | D:4      | Noticed an ogre
  3162 | D:4      | Killed an ogre
  3163 | D:4      | Reached XP level 6. HP: 50/50 MP: 6/6
  3239 | D:4      | Reached skill level 7 in Axes
  3778 | D:5      | Entered Level 5 of the Dungeon
  3814 | D:5      | Reached skill level 1 in Evocations
  3908 | D:5      | Gained mutation: You curl defensively after being hit. (AC
                  | +7*) [Palentonga growth]
  3908 | D:5      | Reached XP level 7. HP: 43/55 MP: 7/7
  4767 | D:5      | Reached skill level 8 in Axes
  5384 | D:5      | Reached XP level 8. HP: 65/65 MP: 8/8
  5926 | D:6      | Reached skill level 5 in Fighting
  6886 | D:6      | Reached skill level 9 in Axes
  7176 | D:6      | Found Uquor's Weapon Emporium.
  7183 | D:6      | Bought 5 curare-tipped darts for 39 gold pieces
  7262 | D:6      | Found a staircase to the Ecumenical Temple.
  7414 | D:6      | Reached XP level 9. HP: 69/73 MP: 9/9
  7458 | D:6      | Found a runed translucent gate.
  7459 | D:6      | Found a runed translucent gate.
  7460 | D:6      | Found a runed translucent gate.
  7460 | D:6      | Noticed ragingrage's ghost (novice DgWn)
  7628 | D:7      | Reached skill level 5 in Evocations
  7928 | D:7      | Reached *** piety under Trog
  7929 | D:7      | Reached skill level 10 in Axes
  9348 | D:8      | Found a blossoming altar of Fedhas.
  9593 | D:8      | Found Ohel's Weapon Shoppe.
  9670 | D:8      | Reached XP level 10. HP: 87/87 MP: 10/10
  9951 | D:8      | Noticed Maurice
  9960 | D:8      | Killed Maurice
  9961 | D:8      | Reached skill level 11 in Axes
 10323 | D:9      | Found the +1 robe of Vines {NoPotionHeal Regen++++}
 10496 | D:9      | Found a radiant altar of Vehumet.
 10546 | D:9      | Reached **** piety under Trog
 10804 | D:9      | Noticed a two-headed ogre
 10820 | D:9      | Killed a two-headed ogre
 10821 | D:9      | Reached skill level 5 in Dodging
 11261 | D:10     | Entered Level 10 of the Dungeon
 11271 | D:10     | Found Hiduynni's Weapon Shop.
 11412 | D:10     | Found a staircase to the Lair.
 11534 | D:10     | Reached XP level 11. HP: 96/96 MP: 11/11
 11769 | D:10     | Noticed a two-headed ogre
 11907 | D:10     | Reached skill level 10 in Fighting
 12020 | D:10     | Reached skill level 12 in Axes
 12196 | D:11     | Noticed Grum
 12199 | D:11     | Noticed a deep elf pyromancer
 12202 | D:11     | Killed Grum
 12213 | D:11     | Killed a deep elf pyromancer
 12361 | D:11     | Noticed a six-headed hydra
 12371 | D:11     | Killed a two-headed hydra
 12421 | D:11     | You fall into a shaft and drop 3 floors!
 12444 | D:14     | Found a shimmering altar of Xom.
 12446 | D:14     | Found a shimmering altar of Xom.
 12446 | D:14     | Found a shimmering altar of Xom.
 12447 | D:14     | Found a shimmering altar of Xom.
 12447 | D:14     | Found a shimmering altar of Xom.
 12447 | D:14     | Found a shimmering altar of Xom.
 12619 | D:14     | Noticed a boulder beetle
 12646 | D:14     | Noticed Agnes
 12685 | D:14     | Noticed a vault guard
 12685 | D:14     | Noticed a vault guard
 12688 | D:13     | Noticed a boulder beetle
 12691 | D:14     | Noticed a vault guard
 12693 | D:14     | Noticed a vault guard
 12696 | D:14     | Noticed a vault guard
 12700 | D:14     | Noticed a vault guard
 12702 | D:14     | Noticed a two-headed ogre
 12708 | D:14     | Killed a vault guard
 12773 | D:14     | Killed a vault guard
 12835 | D:13     | Noticed a two-headed ogre
 12855 | D:13     | Killed a two-headed ogre
 12856 | D:13     | Reached XP level 12. HP: 105/105 MP: 12/12
 12933 | D:13     | Noticed a centaur warrior
 12940 | D:13     | Killed a centaur warrior
 12949 | D:13     | Noticed a centaur warrior
 12957 | D:13     | Killed a centaur warrior
 12957 | D:13     | Reached ***** piety under Trog
 12970 | D:13     | Killed a boulder beetle
 12971 | D:13     | Reached skill level 13 in Axes
 13041 | D:13     | Noticed a boulder beetle
 13056 | D:13     | Killed a boulder beetle
 13140 | D:12     | Reached skill level 10 in Dodging
 13169 | D:12     | Found an opulent altar of Gozag.
 13182 | D:12     | Found a staircase to the Orcish Mines.
 13210 | D:12     | Received a gift from Trog
 13469 | D:12     | Noticed a death knight
 13968 | Orc:1    | Entered Level 1 of the Orcish Mines
 13971 | Orc:1    | Noticed an orc high priest
 14031 | Orc:1    | Reached XP level 13. HP: 115/115 MP: 13/13
 14137 | Orc:1    | Found a dark tunnel.
 14150 | Volcano  | Entered a volcano
 14347 | Volcano  | Found a bloodstained altar of Trog.
 14438 | Volcano  | Noticed a red draconian
 14447 | Volcano  | Killed a red draconian
 14712 | Orc:2    | Entered Level 2 of the Orcish Mines
 14717 | Orc:2    | Found an iron altar of Okawaru.
 14781 | Orc:2    | Reached ****** piety under Trog
 14803 | Orc:1    | Found Plog's Assorted Antiques.
 14805 | Orc:1    | Received a gift from Trog
 15035 | Orc:2    | Found a staircase to the Elven Halls.
 15085 | Orc:2    | Reached skill level 14 in Axes
 15393 | Orc:2    | HP: 2/174 [orc warrior[an orc knight] (20)]
 15394 | Orc:2    | Succumbed to an orc warrior's poison

Illustrated notes

Levels and vault maps discovered:
D:1:      lightli_arrival_quake, layout_basic, minmay_misc_feat_nine_boxes
D:2:      layout_basic, serial_shops, shop, nicolae_square_shop,
          nicolae_diamond_shop, shop, ebering_ecumenical_altar_petrified,
          basic_altar, uniq_jessica
D:3:      layout_basic, dk_noncrumbling_3, uniq_ijyb
D:4:      layout_basic
D:5:      layout_basic
D:6:      layout_rooms, minmay_temple_entry_fiery, serial_shops,
          nicolae_shop_bloodbath_and_beyond, gammafunk_ghost_nasty_kobolds,
          kennysheep_generic_room_12
D:7:      nzn_winding_woodlands_three_and_one
          [nzn_winding_woodlands_5x15_pathside_ponds,
          nzn_winding_woodlands_5x15_default, nzn_winding_woodlands_5x15_jagged,
          nzn_winding_woodlands_center_triple_pond], layout_loops_ring
D:8:      layout_loops_ring, fedhas_altar_2, serial_shops, shop, uniq_maurice
D:9:      layout_roguey, vehumet_statue, st_stairs_6, lightli_orcish_oven
D:10:     layout_roguey, due_lair_maze_entry_diamond, serial_shops,
          kennysheep_little_box, fungi_pond_lemuel, minmay_joined_circles
D:11:     layout_rooms, uniq_grum
D:12:     minmay_clustersquares, layout_loops_ring, zombieorc2_lemuel,
          nicolae_gozag_cash_rules_everything_around_me
D:13:     layout_cave_pools, lemuel_flamethrower_3
D:14:     layout_rooms, erik_vaults_2, minmay_splitting_lines, serial_shops,
          shop, xom_redecorated, uniq_agnes
Orc:1:    layout_caves, serial_shops, shop, nicolae_volcano_entry_lava_flow
Orc:2:    grunt_orc_tribal_feast, layout_diamond_mine, basic_altar,
          nicolae_orc_lava_tube, okawaru_metal_pillars_1_2

Skill      XL: |  1  2  3  4  5  6  7  8  9 10 11 12 13 |
---------------+----------------------------------------+-----
Axes           | 4 5 6 7 8 9 10 11 12 13 14 | 14.0
Evocations     | 1 3 4 5 |  5.0
Fighting       | 4 6 8 9 10 12 | 12.5
Dodging        | 2 6 8 10 11 | 11.5
Armour         | |  1.5

Action                   |  1- 3 |  4- 6 |  7- 9 | 10-12 | 13-15 || total
-------------------------+-------+-------+-------+-------+-------++-------
Melee: Hand axe          |    11 |       |   138 |   194 |       ||   343
       Tailslap          |     9 |    11 |    59 |    85 |    19 ||   183
       Mace              |    41 |    98 |   161 |       |       ||   300
       Battleaxe         |       |       |       |   217 |       ||   217
       Executioner's axe |       |       |       |    58 |   174 ||   232
Throw: Dart              |       |    16 |     4 |       |       ||    20
Invok: Berserk           |     2 |     9 |    16 |    23 |     3 ||    53
 Abil: Rolling Charge    |    21 |    19 |    35 |    47 |    27 ||   149
Evoke: Wand              |       |     1 |     7 |    34 |     7 ||    49
  Use: Scroll            |     2 |       |     7 |    12 |     1 ||    22
 Stab: Distracted        |       |       |     1 |       |       ||     1
       Paralysed         |       |       |       |    19 |       ||    19
       Sleeping          |       |       |       |     1 |       ||     1
Armor: Animal skin       |    14 |    26 |    18 |       |       ||    58
       Scale mail        |       |       |    79 |       |       ||    79
       Leather armour    |       |       |    52 |     8 |       ||    60
       Robe              |       |       |       |   262 |    74 ||   336
Dodge: Dodged            |    17 |    63 |   148 |   245 |   133 ||   606

Table legend: (Time is in decaauts)
 A = Elapsed time spent in this place.
 B = Non-inter-level travel time spent in this place.
 C = Inter-level travel time spent in this place.
 D = Time resting spent in this place.
 E = Time spent auto-exploring this place.
 F = Levels seen in this place.
 G = Mean time per level.
                   A        B        C        D        E       F      G
               +--------+--------+--------+--------+--------+-----+--------+
         Total |  15935 |  15224 |    711 |   3076 |   9315 |  17 |  937.4 |
       Dungeon |  14491 |  13840 |    651 |   2875 |   8706 |  14 | 1035.1 |
  Orcish Mines |   1046 |    986 |     60 |    112 |    538 |   2 |  523.0 |
       Volcano |    397 |    397 |      0 |     89 |     71 |   1 |  397.0 |
               +--------+--------+--------+--------+--------+-----+--------+

Top non-repeatable levels by time:
     D:5: 2965 daAuts
     D:7: 1833 daAuts
     D:3: 1251 daAuts
     D:2: 1179 daAuts
     D:6: 1019 daAuts
     D:9: 1004 daAuts
    D:12: 958 daAuts
     D:4: 932 daAuts
    D:10: 909 daAuts
     D:8: 878 daAuts
   Orc:1: 604 daAuts
     D:1: 544 daAuts
   Orc:2: 442 daAuts
    D:14: 409 daAuts
 Volcano: 397 daAuts
